 Dungeon Crawl Stone Soup version 0.31-a0-841-g038b102fc3 (webtiles) character file.

Game seed: 5648093355504288128

1015 Kurtz the Cleaver (level 8, 0/54 HPs)
             Began as an Octopode Fighter on Sept 27, 2023.
             Was a Follower of Okawaru.
             Slain by an ogre
             ... wielding a +0 giant spiked club
              (33 damage)
             ... on level 4 of the Dungeon.
             The game lasted 00:02:35 (3736 turns).

Kurtz the Cleaver (Octopode Fighter)                Turns: 3736, Time: 00:02:35

Health: 0/54       AC:  1    Str: 16    XL:     8   Next: 21%
Magic:  9/9        EV: 13    Int: 10    God:    Okawaru [*.....]
Gold:   214        SH:  4    Dex: 13    Spells: 7/7 levels left

rFire   . . .        a - +0 war axe
rCold   . . .        b - +0 buckler
rNeg    . . .        (helmet restricted)
rPois   .            (no amulet)
rElec   .            (no ring)
rCorr   .            (no ring)
SInv    .            (no ring)
Will    .....        (no ring)
Stlth   ++           (no ring)
HPRegen 0.29/turn    (no ring)
MPRegen 0.11/turn    (no ring)
                     (no ring)

%: no passive effects
@: no status effects
A: almost no armour, amphibious, 8 rings, camouflage 1, gelatinous body 1,
(nimble swimmer 1), tentacles
a: Renounce Religion, Heroism


You were on level 4 of the Dungeon.
You worshipped Okawaru.
Okawaru was aware of your devotion.
You visited 2 branches of the dungeon, and saw 5 of its levels.

You collected 214 gold pieces.

Inventory:

Hand Weapons
 a - a +0 war axe (weapon)
Armour
 b - a +0 buckler (worn)
Scrolls
 e - a scroll of fog {unknown}
 f - 3 scrolls of amnesia {unknown}
 g - a scroll of vulnerability {unknown}
 h - 2 scrolls of blinking {unknown}
 i - 2 scrolls of summoning {unknown}
 k - 2 scrolls of identify {unknown}
 l - a scroll of revelation {unknown}
 m - a scroll of fear {unknown}
 p - a scroll of poison {unknown}
Potions
 c - a potion of enlightenment {unknown}
 d - a potion of invisibility {unknown}
 j - 2 potions of curing {unknown}
 n - 2 potions of brilliance {unknown}
 o - a potion of haste {unknown}


   Skills:
 + Level 4.5 Fighting
 * Level 8.5 Axes
 - Level 3.0 Dodging
 - Level 3.0 Shields
 * Level 2.3 Invocations


You had 7 spell levels left.
You didn't know any spells.
Your spell library contained the following spells:

 Spells                   Type           Power      Damage    Failure   Level
 Magic Dart               Conj           0%         1d3       43%         1
 Searing Ray              Conj           0%         2d4       58%         2
 Fulminant Prism          Conj/Hex       0%         3d5       99%         4


Dungeon Overview and Level Annotations

Branches:
Dungeon (4/15)             Temple (1/1) D:4

Altars:
Ashenzari
Cheibriados
Dithmenos
Elyvilon
Fedhas
Hepliaklqana
Kikubaaqudgha
Makhleb
Nemelex Xobeh
Okawaru
Qazlal
Ru
Sif Muna
Trog
Uskayaw
Vehumet
Yredelemnul
The Shining One


Innate Abilities, Weirdness & Mutations

You cannot wear most types of armour.
You are amphibious.
You can wear up to eight rings at the same time.
Your skin changes colour to match your surroundings (Stealth+).
Your rubbery body absorbs attacks. (AC +1, EV +1)
((You are camouflaged when in or above water. (Stealth+)))
You have tentacles for arms and can constrict up to eight enemies at once.


Message History

You constrict the iguana, but do no damage.
The iguana closely misses you.
An iguana is nearby!
You hit the iguana but do no damage.
The iguana is moderately wounded.
You constrict the iguana. The iguana bites you. x2
You hit the iguana but do no damage.
The iguana is heavily wounded.
You constrict the iguana. The iguana bites you!
An iguana is nearby!
You hit the iguana but do no damage.
The iguana is severely wounded.
You constrict the iguana. The iguana misses you.
An iguana is nearby!
You hit the iguana but do no damage.
The iguana is almost dead.
You constrict the iguana.
You kill the iguana!
Okawaru accepts your kill.
Key pressed, stopping explore.
Unknown command.
No target in view!
No target in view!
You start resting.
HP restored.
An ogre and a bullfrog come into view.
Found 4 stones and 17 gold pieces.
There are monsters nearby!
Found a scroll labelled PAGOUMNAMOE and 5 gold pieces.
The ogre shouts!
An ogre is nearby!
The ogre barely misses you.
You hit the ogre but do no damage.
The ogre hits you with a +0 giant spiked club!!
You hit the ogre but do no damage. You squeeze the ogre, but do no damage.
You barely miss the ogre. You squeeze the ogre.
The ogre is lightly wounded.
The ogre hits you with a +0 giant spiked club!!
Ouch! That really hurt!
You die...

##......###.....####.## #.###.###
........###.###.#########.#......
##..........# #..#....#>...#..###
##.###.###### ####.88.###.....#
##.# #...# .##.88.##..#####
##.###.### #$#....'..## ##.....#
#.#'####### ......#### #O#..#
##.#.....# ##@#..## #.#######
#.####.########## #.# #F.###.#
#.#........# #.# #(?#.#
#.########.#
##.#########$?#.####.# #.#
..........######....## #.#
######.##.# ###### #######.#
#.##.# #.......# # #.##.#
#.#######


You could see an ogre.

Vanquished Creatures
  Sigmund (D:4)
  An ogre (D:4)
  3 phantoms (D:4)
  A scorpion (D:4)
  A bullfrog zombie (D:4)
  An orc priest (D:3)
  2 iguanas (D:4)
  A centaur skeleton (D:4)
  2 scorpion zombies (D:4)
  An orc wizard (D:3)
  6 hound zombies (D:4)
  2 hound skeletons (D:4)
  4 gnolls
  2 adders
  4 adder skeletons (D:4)
  4 dart slugs
  3 orcs (D:3)
  12 ball pythons
  3 endoplasms
  A giant cockroach (D:2)
  7 goblins
  10 hobgoblins
  A jackal (D:2)
  14 kobolds
  4 quokkas
  8 bats
  3 frilled lizards
  4 rats
106 creatures vanquished.

Notes
Turn   | Place    | Note
-------+----------+-------------------------------------------
     0 | D:1      | Kurtz the Octopode Fighter began the quest for the Orb.
     0 | D:1      | Reached XP level 1. HP: 16/16 MP: 1/1
   219 | D:1      | Reached XP level 2. HP: 18/21 MP: 2/2
   464 | D:1      | Reached skill level 3 in Axes
   509 | D:1      | Reached XP level 3. HP: 24/26 MP: 3/3
   898 | D:2      | Found a blossoming altar of Fedhas.
  1473 | D:2      | Reached skill level 4 in Axes
  1473 | D:2      | Reached XP level 4. HP: 27/31 MP: 4/4
  1711 | D:3      | Reached XP level 5. HP: 31/36 MP: 5/5
  1974 | D:3      | Found a faded altar of an unknown god.
  2006 | D:3      | Reached skill level 5 in Axes
  2149 | D:3      | You fall into a shaft and drop 1 floor!
  2198 | D:4      | Reached XP level 6. HP: 24/43 MP: 6/6
  2298 | D:4      | Reached skill level 6 in Axes
  2473 | D:4      | Found a staircase to the Ecumenical Temple.
  2480 | Temple   | Entered the Ecumenical Temple
  2491 | Temple   | Became a worshipper of Warmaster Okawaru
  2815 | D:4      | Reached XP level 7. HP: 29/48 MP: 7/7
  2820 | D:4      | Reached skill level 1 in Invocations
  2946 | D:4      | Reached * piety under Okawaru
  3052 | D:4      | Reached skill level 7 in Axes
  3285 | D:4      | Found a radiant altar of Vehumet.
  3513 | D:4      | Noticed Sigmund
  3517 | D:4      | Killed Sigmund
  3518 | D:4      | Reached skill level 8 in Axes
  3518 | D:4      | Reached XP level 8. HP: 44/54 MP: 9/9
  3736 | D:4      | Slain by an ogre

Illustrated notes

Levels and vault maps discovered:
D:1:      ncdulo_halloftheorcs, layout_loops_ring, nicolae_figureground_pulse
D:2:      minmay_diamond_boxcup, layout_rooms, basic_altar
D:3:      layout_basic, shapermc_ecumenical_altar_ellora, st_stairs_11
D:4:      minmay_chambers_of_fours, layout_loops_ring,
          nicolae_vehumet_altar_sigil, minmay_temple_entry_slanted,
          serial_undead, serial_undead_a, serial_undead_e, serial_undead_e,
          serial_undead_d, serial_undead_f, serial_undead_f,
          kennysheep_generic_room_14, uniq_sigmund
Temple:   nicolae_temple_bog_church

Skill      XL: |  1  2  3  4  5  6  7 |
---------------+----------------------+-----
Axes           | 3 4 5 6 8 |  8.5
Fighting       | 4 |  4.5
Invocations    | 2 |  2.3
Dodging        | |  3.0
Shields        | |  3.0

Action                     |  1- 3 |  4- 6 |  7- 9 || total
---------------------------+-------+-------+-------++-------
  Melee: War axe           |    83 |    83 |    72 ||   238
         Tentacles         |    12 |    25 |    17 ||    54
         Constrict         |    18 |    22 |    14 ||    54
         Punch             |     1 |     2 |     1 ||     4
    Use: Potion            |       |       |     1 ||     1
   Stab: Sleeping          |     8 |     3 |     1 ||    12
 Armour: Skin              |    30 |    44 |    34 ||   108
  Dodge: Dodged            |    63 |    53 |    30 ||   146
  Block: Buckler           |    16 |    21 |    10 ||    47

Table legend: (Time is in decaauts)
 A = Elapsed time spent in this place.
 B = Non-inter-level travel time spent in this place.
 C = Inter-level travel time spent in this place.
 D = Time resting spent in this place.
 E = Time spent auto-exploring this place.
 F = Levels seen in this place.
 G = Mean time per level.
                   A        B        C        D        E       F      G
               +--------+--------+--------+--------+--------+-----+--------+
         Total |   3802 |   3635 |    167 |    980 |   1999 |   5 |  760.4 |
       Dungeon |   3780 |   3634 |    146 |    980 |   1999 |   4 |  945.0 |
        Temple |     22 |      1 |     21 |      0 |      0 |   1 |   22.0 |
               +--------+--------+--------+--------+--------+-----+--------+

Top non-repeatable levels by time:
     D:4: 1589 daAuts
     D:1: 916 daAuts
     D:2: 778 daAuts
     D:3: 495 daAuts
  Temple: 22 daAuts
